[Event "Tatra Limba Master 2022"]
[Site "Poronin"]
[Date "2022.01.08"]
[Round "4.11"]
[White "Rekuc, Patryk"]
[Black "Smietanska, Wiktoria"]
[Result "0-1"]
[ECO "B51"]
[WhiteElo "1662"]
[BlackElo "1910"]
[Annotator "ChessBase"]
[PlyCount "152"]
[EventDate "2022.01.07"]
[EventType "swiss"]
[EventCountry "POL"]
[SourceTitle "playchess.com"]
[Source "ChessBase"]
[SourceQuality "1"]
[TimeControl "5400+30"]

1. e4 c5 2. Nf3 d6 3. Bb5+ Nd7 4. Ba4 a6 5. c4 e6 6. O-O Ngf6 7. Nc3 Be7 8. d4 cxd4 9. Qxd4 O-O 10. Rd1 Qc7 11. Bxd7 Bxd7 12. Bf4 Bc6 13. Bxd6 Bxd6 14. Qxd6 Qxd6 15. Rxd6 Bxe4 16. Rad1 Bxf3 17. gxf3 Rac8 18. Rb6 Rc7 19. b3 Rfc8 20. Ne4 Kf8 21. Kf1 Ke7 22. Nxf6 Kxf6 23. Ke2 Ke7 24. Ke3 Rd8 25. Rxd8 Kxd8 26. c5 Kc8 27. Kd4 Rd7+ 28. Ke3 Kc7 29. Rb4 Rd5 30. Rc4 Rh5 31. h4 Kc6 32. Rg4 g6 33. Rf4 Re5+ 34. Kd4 Rd5+ 35. Ke3 f5 36. b4 e5 37. Rc4 Kb5 38. Rc2 Rd4 39. a3 Rxh4 40. Rd2 a5 41. Rd5 e4 42. f4 axb4 43. axb4 Rh3+ 44. Ke2 Kxb4 45. Rd7 Kxc5 46. Rxb7 Kd6 47. Rb5 Ke6 48. Ra5 Kf6 49. Ra7 h5 50. Ra6+ Kg7 51. Ra7+ Kh6 52. Ra1 Rf3 53. Rg1 Rxf4 54. Rg3 h4 55. Rh3 Kh5 56. Kf1 g5 57. Ra3 Kg4 58. Kg2 h3+ 59. Kg1 h2+ 60. Kh1 Rf3 61. Ra2 Rb3 62. Ra1 Kf3 63. Kxh2 Kxf2 64. Ra2+ Kf3 65. Rg2 Kf4 66. Rf2+ Ke5 67. Kg2 f4 68. Rc2 Kf5 69. Rf2 g4 70. Kg1 g3 71. Rc2 Kg4 72. Rc1 e3 73. Rf1 e2 74. Re1 Rd3 75. Kh1 Rd1 76. Kg2 f3+ 0-1

[Event "Tatra Limba Master 2022"]
[Site "Poronin"]
[Date "2022.01.08"]
[Round "5.7"]
[White "Rejniak, Zuzanna"]
[Black "Reichel, Lukasz"]
[Result "1/2-1/2"]
[ECO "B52"]
[WhiteElo "1799"]
[BlackElo "1748"]
[Annotator "NA RC"]
[PlyCount "33"]
[EventDate "2022.01.07"]
[EventType "swiss"]
[EventCountry "POL"]
[SourceTitle "playchess.com"]
[Source "ChessBase"]
[SourceQuality "1"]
[TimeControl "5400+30"]

1. e4 c5 2. Nf3 d6 3. Bb5+ Bd7 4. Bxd7+ Qxd7 5. O-O Nc6 6. c3 Nf6 7. Re1 e6 8. d4 cxd4 9. cxd4 d5 10. e5 Ne4 11. Nbd2 Nxd2 12. Bxd2 Be7 13. Rc1 O-O 14. a3 a5 15. Rc3 a4 16. Qb1 h6 17. Rec1 1/2-1/2

[Event "Tatra Limba Master 2022"]
[Site "Poronin"]
[Date "2022.01.08"]
[Round "5.9"]
[White "Kotowicz, Kamil"]
[Black "Mroz, Lena"]
[Result "1/2-1/2"]
[ECO "A80"]
[WhiteElo "1732"]
[BlackElo "1835"]
[Annotator "NA RC"]
[PlyCount "33"]
[EventDate "2022.01.07"]
[EventType "swiss"]
[EventCountry "POL"]
[SourceTitle "playchess.com"]
[Source "ChessBase"]
[SourceQuality "1"]
[TimeControl "5400+30"]

1. d4 f5 2. Bg5 h6 3. Bh4 g5 4. Bg3 Nf6 5. e3 e6 6. Nf3 d6 7. Nc3 Qe7 8. Bc4 Nc6 9. Qd2 Bd7 10. O-O-O O-O-O 11. d5 exd5 12. Nxd5 Nxd5 13. Bxd5 Bg7 14. Rhe1 Qf6 15. c3 Kb8 16. h3 Ne7 17. Bb3 1/2-1/2

[Event "Tatra Limba Master 2022"]
[Site "Poronin"]
[Date "2022.01.08"]
[Round "5.10"]
[White "Kozlowski, Franciszek"]
[Black "Gepfert, Cyprian"]
[Result "1/2-1/2"]
[ECO "A48"]
[WhiteElo "1523"]
[BlackElo "1743"]
[Annotator "NA RC"]
[PlyCount "83"]
[EventDate "2022.01.07"]
[EventType "swiss"]
[EventCountry "POL"]
[SourceTitle "playchess.com"]
[Source "ChessBase"]
[SourceQuality "1"]
[TimeControl "5400+30"]

1. d4 Nf6 2. Nf3 g6 3. Bg5 Bg7 4. c3 d5 5. Nbd2 Nbd7 6. e3 O-O 7. Rc1 c5 8. Bd3 b6 9. e4 dxe4 10. Nxe4 Bb7 11. Nxf6+ exf6 12. Be3 cxd4 13. cxd4 f5 14. O-O Nf6 15. Bc4 Ng4 16. h3 Nxe3 17. fxe3 Qd6 18. Qb3 Rad8 19. Qa3 Qxa3 20. bxa3 Bd5 21. Bb3 Rd7 22. Rc2 Re8 23. Ba4 Rde7 24. Bxe8 Rxe8 25. Kf2 f4 26. exf4 Bxf3 27. Kxf3 Bxd4 28. Re2 Rc8 29. Kg3 a5 30. Rf3 Bc5 31. Rd3 Kg7 32. Kf3 h5 33. Rc2 Re8 34. Re2 Rc8 35. g4 hxg4+ 36. Kxg4 Rh8 37. f5 gxf5+ 38. Kxf5 Rh5+ 39. Kg4 Rh6 40. Rg2 Be7 41. Kf5+ Kf8 42. Rc3 1/2-1/2

[Event "Tatra Limba Master 2022"]
[Site "Poronin"]
[Date "2022.01.08"]
[Round "5.11"]
[White "Radzimski, Antoni"]
[Black "Liskiewicz, Jakub"]
[Result "0-1"]
[ECO "B06"]
[WhiteElo "1613"]
[BlackElo "1598"]
[Annotator "NA RC"]
[PlyCount "60"]
[EventDate "2022.01.07"]
[EventType "swiss"]
[EventCountry "POL"]
[SourceTitle "playchess.com"]
[Source "ChessBase"]
[SourceQuality "1"]
[TimeControl "5400+30"]

1. e4 g6 2. d4 Bg7 3. Nc3 d6 4. f4 Na6 5. Nf3 c6 6. a3 Nc7 7. Bd3 d5 8. e5 Nh6 9. h3 Bf5 10. g4 Bxd3 11. Qxd3 Qd7 12. Be3 f6 13. O-O-O O-O-O 14. Na4 b6 15. Nc3 Kb7 16. a4 f5 17. g5 Nf7 18. a5 e6 19. Na4 Bf8 20. Nd2 c5 21. axb6 c4 22. Nxc4 dxc4 23. Qxc4 Nd5 24. Nc5+ Bxc5 25. dxc5 axb6 26. cxb6 Ra8 27. Qd4 Rhc8 28. Qd3 Qc6 29. Rh2 Ra1+ 30. Kd2 Qxc2+ 0-1

[Event "Tatra Limba Master 2022"]
[Site "Poronin"]
[Date "2022.01.09"]
[Round "6.4"]
[White "Zielonka, Adam"]
[Black "Bartoszczuk, Adam"]
[Result "1/2-1/2"]
[ECO "A10"]
[WhiteElo "1862"]
[BlackElo "1380"]
[Annotator "NA RC"]
[PlyCount "41"]
[EventDate "2022.01.07"]
[EventType "swiss"]
[EventCountry "POL"]
[SourceTitle "playchess.com"]
[Source "ChessBase"]
[SourceQuality "1"]
[TimeControl "5400+30"]

1. c4 g6 2. Nc3 Bg7 3. g3 e5 4. Bg2 d6 5. e3 Ne7 6. Nge2 O-O 7. O-O f5 $14 8. d4 e4 9. b4 c6 10. Qb3 Kh8 11. Bb2 Be6 12. a4 Nd7 13. Rfd1 Bf7 14. a5 a6 15. d5 Ne5 16. Na4 Qc7 17. Nb6 Rad8 18. Rac1 Nc8 19. Nxc8 Rxc8 20. h4 Kg8 21. Nf4 1/2-1/2

[Event "Tatra Limba Master 2022"]
[Site "Poronin"]
[Date "2022.01.09"]
[Round "6.8"]
[White "Wysocki, Mateusz"]
[Black "Reichel, Lukasz"]
[Result "1/2-1/2"]
[ECO "B90"]
[WhiteElo "1848"]
[BlackElo "1748"]
[Annotator "NA RC"]
[PlyCount "66"]
[EventDate "2022.01.07"]
[EventType "swiss"]
[EventCountry "POL"]
[SourceTitle "playchess.com"]
[Source "ChessBase"]
[SourceQuality "1"]
[TimeControl "5400+30"]

1. e4 c5 2. Nf3 d6 3. d4 cxd4 4. Nxd4 Nf6 5. Nc3 a6 6. Be3 e5 7. Nb3 $11 Be6 8. Qd2 Nbd7 9. f3 b5 10. O-O-O Nb6 11. Kb1 Nc4 12. Bxc4 bxc4 13. Nc1 Qa5 14. Nd5 Qxd2 15. Nxf6+ gxf6 16. Rxd2 f5 17. exf5 Bxf5 18. Ne2 Be7 19. Nc3 Be6 20. Nd5 Bxd5 21. Rxd5 Rg8 22. g3 Kd7 23. b3 cxb3 24. axb3 Ke6 25. Rhd1 f5 26. Bb6 Rgc8 27. Kb2 Rab8 28. Bf2 Rb5 29. c4 Rb7 30. Ka3 Rcb8 31. R1d3 Rc8 32. Ka4 Rc6 33. Rd1 Bf6 1/2-1/2

[Event "Tatra Limba Master 2022"]
[Site "Poronin"]
[Date "2022.01.09"]
[Round "6.9"]
[White "Mroz, Lena"]
[Black "Kozlowski, Franciszek"]
[Result "1-0"]
[ECO "C43"]
[WhiteElo "1835"]
[BlackElo "1523"]
[Annotator "NA RC"]
[PlyCount "47"]
[EventDate "2022.01.07"]
[EventType "swiss"]
[EventCountry "POL"]
[SourceTitle "playchess.com"]
[Source "ChessBase"]
[SourceQuality "1"]
[TimeControl "5400+30"]

1. e4 e5 2. Nf3 Nf6 3. d4 Nxe4 4. Bd3 d5 5. Nxe5 Bd6 6. O-O O-O 7. c4 c6 8. Nc3 Bxe5 9. dxe5 Nxc3 10. bxc3 dxc4 11. Bxh7+ Kxh7 12. Qh5+ Kg8 13. Ba3 c5 14. Bxc5 Re8 15. Rad1 Qa5 16. Bb4 g6 17. Qg5 Qb5 18. Be7 Rxe7 19. Qxe7 Nd7 20. e6 fxe6 21. Qxe6+ Kg7 22. Qe7+ Kg8 23. Qe8+ Kg7 24. Rfe1 1-0

[Event "Tatra Limba Master 2022"]
[Site "Poronin"]
[Date "2022.01.09"]
[Round "6.10"]
[White "Gepfert, Cyprian"]
[Black "Rekuc, Patryk"]
[Result "0-1"]
[ECO "B32"]
[WhiteElo "1743"]
[BlackElo "1662"]
[Annotator "NA RC"]
[PlyCount "76"]
[EventDate "2022.01.07"]
[EventType "swiss"]
[EventCountry "POL"]
[SourceTitle "playchess.com"]
[Source "ChessBase"]
[SourceQuality "1"]
[TimeControl "5400+30"]

1. e4 c5 2. Nf3 Nc6 3. d4 cxd4 4. Nxd4 e5 5. Nb5 d6 6. c4 Be6 7. N1c3 a6 8. Na3 Nf6 9. Nc2 Rc8 10. Be2 Be7 11. O-O O-O 12. Ne3 Na5 13. Qa4 Bd7 14. Qc2 b5 15. cxb5 axb5 16. b4 Nc6 17. Rb1 Nd4 18. Qd2 Rxc3 19. Bd3 Rc8 20. Bb2 Qb6 21. Kh1 Be6 22. Nf5 Nxf5 23. exf5 Bxa2 24. Rbe1 Bc4 25. f4 Rfd8 26. Rf3 e4 27. Bxe4 d5 28. Bb1 Ne4 29. Qd1 Bxb4 30. Bd4 Bc5 31. Bxg7 Kxg7 32. Bxe4 dxe4 33. Rg3+ Kh8 34. Qh5 Rg8 35. Rh3 Rg7 36. Qh4 Bf2 37. g3 e3 38. Kg2 Qc6# 0-1

[Event "Tatra Limba Master 2022"]
[Site "Poronin"]
[Date "2022.01.09"]
[Round "6.11"]
[White "Golis, Wiktor"]
[Black "Radzimski, Antoni"]
[Result "0-1"]
[ECO "C77"]
[WhiteElo "1553"]
[BlackElo "1613"]
[Annotator "NA RC"]
[PlyCount "90"]
[EventDate "2022.01.07"]
[EventType "swiss"]
[EventCountry "POL"]
[SourceTitle "playchess.com"]
[Source "ChessBase"]
[SourceQuality "1"]
[TimeControl "5400+30"]

1. e4 e5 2. Nf3 Nc6 3. Bb5 a6 4. Ba4 Nf6 5. d3 b5 6. Bb3 Be7 7. Nc3 d6 8. h3 O-O 9. O-O Na5 10. Re1 c5 11. Bg5 Nxb3 12. axb3 Be6 13. Bxf6 Bxf6 14. Ne2 g6 15. c3 Bg7 16. d4 Qc7 17. d5 Bd7 18. Ng3 Qd8 19. Qd2 h6 20. Rad1 f5 21. exf5 gxf5 22. Kh1 Kh7 23. Qc1 e4 24. Nh2 Be5 25. Ngf1 Rg8 26. f4 Bf6 27. Qe3 h5 28. Qe2 Qe8 29. Ne3 Bh4 30. Rg1 Bg3 31. Nhf1 Bxf4 32. Qf2 Bxe3 33. Nxe3 Qe5 34. Rdf1 Raf8 35. Qh4 f4 36. Nc2 Rg7 37. Rd1 Rf5 38. g4 e3 39. Kh2 f3+ 40. Kh1 Rfg5 41. Rge1 e2 42. Rd3 Qe4 43. Re3 Qxc2 44. Rxf3 Qe4 45. Kg2 Rxg4+ 0-1

[Event "Tatra Limba Master 2022"]
[Site "Poronin"]
[Date "2022.01.10"]
[Round "7.5"]
[White "Bartoszczuk, Adam"]
[Black "Liskiewicz, Jakub"]
[Result "1/2-1/2"]
[ECO "B09"]
[WhiteElo "1380"]
[BlackElo "1598"]
[Annotator "NA RC"]
[PlyCount "26"]
[EventDate "2022.01.07"]
[EventType "swiss"]
[EventCountry "POL"]
[SourceTitle "playchess.com"]
[Source "ChessBase"]
[SourceQuality "1"]
[TimeControl "5400+30"]

1. e4 g6 2. d4 Bg7 3. Nc3 d6 4. f4 Nf6 5. Nf3 O-O 6. Bd3 Na6 7. a3 c5 8. d5 Nc7 9. O-O a6 10. a4 b6 11. Bc4 Rb8 12. e5 Nfe8 13. Qe2 Qd7 1/2-1/2

[Event "Tatra Limba Master 2022"]
[Site "Poronin"]
[Date "2022.01.10"]
[Round "7.8"]
[White "Mroz, Lena"]
[Black "Wysocki, Mateusz"]
[Result "0-1"]
[ECO "B01"]
[WhiteElo "1835"]
[BlackElo "1848"]
[Annotator "NA RC"]
[PlyCount "86"]
[EventDate "2022.01.07"]
[EventType "swiss"]
[EventCountry "POL"]
[SourceTitle "playchess.com"]
[Source "ChessBase"]
[SourceQuality "1"]
[TimeControl "5400+30"]

1. e4 d5 2. exd5 Nf6 3. d4 Nxd5 4. c4 Nb6 5. h3 Bf5 (5... e5 $11) 6. Be3 (6. Nf3 $14) 6... Nc6 (6... e5 $5 ) 7. Nc3 e6 8. Rc1 Be7 9. Nf3 O-O 10. Bd3 {[%emt 0:01:58] [#]} (10. Be2 $14) 10... Bxd3 (10... Nxd4 $1 $11 11. Bxd4 (11. Nxd4 Bxd3 12. Qxd3 e5 $11) 11... Bxd3 12. Qxd3 c5) 11. Qxd3 Nb4 (11... f5 $11) 12. Qe2 c5 {[%emt 0:00:07] [#]} 13. O-O $1 cxd4 14. Bxd4 Nc6 15. Be3 a6 16. Rfd1 Qc7 17. b3 Rad8 18. Ne4 Nd7 19. Kh1 h6 20. Bd2 Rfe8 21. Bc3 Nf8 22. Qb2 Qf4 23. Ng3 ({Avoid the trap} 23. Bxg7 $2 Qxe4 24. Bxh6 (24. Rxd8 $2 Rxd8 25. Bxh6 e5 $19) 24... e5 $19) 23... f6 24. Bd2 Qc7 25. Bc3 e5 26. Nf5 Ne6 27. Kg1 (27. b4 $11 {keeps the balance.}) 27... Bf8 (27... Nf4 $17 28. Ra1 Bb4 29. Bxb4 Nxb4) 28. Ne3 Qf7 29. Nd5 {[%emt 0:00:38] [#]} Bc5 (29... e4 $1 $17 30. Nh4 Nc5) 30. b4 Bd4 31. Bxd4 Ncxd4 32. Nxd4 Nxd4 33. Kh1 Rc8 34. a3 Qe6 35. Qb1 b5 36. Ne3 bxc4 37. Qb2 Rc7 38. Rc3 Nb5 39. Rc2 c3 40. Qc1 (40. Qa2 {was called for.}) 40... Rec8 41. Qa1 Nd4 42. Ra2 (42. Rcc1 $142) 42... c2 43. Rc1 Nb3 $19 0-1

[Event "Tatra Limba Master 2022"]
[Site "Poronin"]
[Date "2022.01.10"]
[Round "7.10"]
[White "Radzimski, Antoni"]
[Black "Rekuc, Patryk"]
[Result "0-1"]
[ECO "B32"]
[WhiteElo "1613"]
[BlackElo "1662"]
[Annotator "NA RC"]
[PlyCount "76"]
[EventDate "2022.01.07"]
[EventType "swiss"]
[EventCountry "POL"]
[SourceTitle "playchess.com"]
[Source "ChessBase"]
[SourceQuality "1"]
[TimeControl "5400+30"]

1. e4 c5 2. Nf3 Nc6 3. d4 cxd4 4. Nxd4 e5 5. Nb5 d6 6. c4 Be6 7. N1c3 a6 8. Na3 Nf6 9. Be2 Be7 10. O-O O-O 11. Nc2 Rc8 12. b3 b5 13. cxb5 Na7 14. Bb2 Nxb5 15. Bxb5 axb5 16. Qd3 Qb6 17. Ne3 Qb7 18. Rad1 Ra8 19. Ra1 Rfc8 20. Ncd5 Nxd5 21. exd5 Bd7 22. f4 Re8 23. f5 f6 24. h4 Bd8 25. h5 Bb6 26. Kh1 Bxe3 27. Qxe3 h6 28. Qe4 Rec8 29. a3 Be8 30. Rf3 Bxh5 31. Rh3 Bf7 32. Rd1 Rc5 33. Rg3 Bxd5 34. Qh4 Rc2 35. Qxf6 Rxg2 36. Rxd5 Rxg3 37. Qe6+ Qf7 38. Rxd6 Re8 0-1

[Event "Tatra Limba Master 2022"]
[Site "Poronin"]
[Date "2022.01.10"]
[Round "7.11"]
[White "Kozlowski, Franciszek"]
[Black "Golis, Wiktor"]
[Result "1/2-1/2"]
[ECO "A46"]
[WhiteElo "1523"]
[BlackElo "1553"]
[Annotator "NA RC"]
[PlyCount "58"]
[EventDate "2022.01.07"]
[EventType "swiss"]
[EventCountry "POL"]
[SourceTitle "playchess.com"]
[Source "ChessBase"]
[SourceQuality "1"]
[TimeControl "5400+30"]

1. d4 Nf6 2. Nf3 e6 3. e3 b6 4. b3 Bb7 5. Bb2 d5 6. Nbd2 Nbd7 7. Bd3 Bd6 8. O-O O-O 9. c4 Ne4 10. Ne5 Bxe5 11. dxe5 Ndc5 12. Nxe4 dxe4 13. Bc2 Qg5 14. Qe2 Nd3 15. h4 Qf5 16. Bxd3 exd3 17. Qd2 Rfd8 18. f3 Qg6 19. e4 h6 20. Rf2 Qg3 21. Rd1 Rd7 22. Qe3 Rad8 23. Rfd2 Qxh4 24. Rxd3 Rxd3 25. Rxd3 Rxd3 26. Qxd3 Qe1+ 27. Kh2 Qh4+ 28. Kg1 Qe1+ 29. Kh2 Qh4+ 1/2-1/2

[Event "Tatra Limba Master 2022"]
[Site "Poronin"]
[Date "2022.01.10"]
[Round "8.8"]
[White "Rekuc, Patryk"]
[Black "Rejniak, Zuzanna"]
[Result "1/2-1/2"]
[ECO "B51"]
[WhiteElo "1662"]
[BlackElo "1799"]
[Annotator "NA RC"]
[PlyCount "47"]
[EventDate "2022.01.07"]
[EventType "swiss"]
[EventCountry "POL"]
[SourceTitle "playchess.com"]
[Source "ChessBase"]
[SourceQuality "1"]
[TimeControl "5400+30"]

1. e4 c5 2. Nf3 d6 3. Bb5+ Nd7 4. Ba4 a6 5. c4 Ngf6 6. Nc3 g6 7. O-O Bg7 8. d3 O-O 9. h3 Rb8 10. Be3 Ne8 11. d4 b6 12. Qd2 Nc7 13. Bxd7 Bxd7 14. Rad1 cxd4 15. Bxd4 Bxd4 16. Nxd4 Ne6 17. Nxe6 Bxe6 18. Nd5 Bxd5 19. cxd5 Qd7 20. Rc1 Rfc8 21. Rxc8+ Rxc8 22. Rc1 Rc7 23. Qe3 Qc8 24. Rxc7 1/2-1/2

[Event "Tatra Limba Master 2022"]
[Site "Poronin"]
[Date "2022.01.10"]
[Round "8.9"]
[White "Kotowicz, Kamil"]
[Black "Gepfert, Cyprian"]
[Result "1-0"]
[ECO "D85"]
[WhiteElo "1732"]
[BlackElo "1743"]
[Annotator "NA RC"]
[PlyCount "87"]
[EventDate "2022.01.07"]
[EventType "swiss"]
[EventCountry "POL"]
[SourceTitle "playchess.com"]
[Source "ChessBase"]
[SourceQuality "1"]
[TimeControl "5400+30"]

1. d4 Nf6 2. c4 g6 3. Nc3 d5 4. cxd5 Nxd5 5. Bd2 Bg7 6. e4 Nxc3 7. Bxc3 c5 8. d5 Bxc3+ 9. bxc3 Qd6 10. Qd2 Qe5 11. Bd3 e6 12. f4 Qd6 13. c4 e5 14. Qb2 f6 15. fxe5 Qxe5 16. Qxe5+ fxe5 17. Nf3 Nd7 18. O-O h6 19. Nh4 Rg8 20. Rf2 Rb8 21. Raf1 Rg7 22. Be2 Ke7 23. Rf3 b5 24. Rg3 Nf8 25. cxb5 Rb6 26. a4 Rf7 27. Rxf7+ Kxf7 28. Rc3 g5 29. Rxc5 Bd7 30. Bh5+ Kf6 31. Nf3 a6 32. bxa6 Rxa6 33. a5 g4 34. Nd2 Kg5 35. Bf7 Rf6 36. Bg8 Kf4 37. Kf2 g3+ 38. hxg3+ Kg4+ 39. Nf3 Ba4 40. Rc7 Bd7 41. Rxd7 Nxd7 42. Be6+ Kh5 43. Bxd7 Rd6 44. Bc6 1-0

[Event "Tatra Limba Master 2022"]
[Site "Poronin"]
[Date "2022.01.10"]
[Round "8.10"]
[White "Golis, Wiktor"]
[Black "Mroz, Lena"]
[Result "1/2-1/2"]
[ECO "B31"]
[WhiteElo "1553"]
[BlackElo "1835"]
[Annotator "NA RC"]
[PlyCount "91"]
[EventDate "2022.01.07"]
[EventType "swiss"]
[EventCountry "POL"]
[SourceTitle "playchess.com"]
[Source "ChessBase"]
[SourceQuality "1"]
[TimeControl "5400+30"]

1. e4 c5 2. Nf3 Nc6 3. Bb5 g6 4. O-O Bg7 5. c3 Nf6 6. Re1 O-O 7. d4 cxd4 8. cxd4 d5 9. e5 Ne4 10. Be3 Qb6 11. Bxc6 Qxc6 12. Nfd2 Nxd2 13. Qxd2 Bf5 14. Nc3 Rac8 15. Rac1 Qd7 16. Qd1 Rc4 17. Qb3 Rfc8 18. h3 h5 19. a3 f6 20. f4 Kh7 21. Bf2 {[%emt 0:16:17] [#]} fxe5 $1 22. fxe5 Bh6 23. Rcd1 {[%emt 0:01:23] [#]} a6 ({Better is} 23... Rf8 $1 $17 24. Be3 {[#]} Bxh3 $1 25. Bxh6 Kxh6) 24. Be3 Bxe3+ 25. Rxe3 e6 26. Rd2 Qg7 27. Ree2 (27. Qd1 $11) 27... b5 28. Rf2 R8c7 29. Qd1 Qh6 30. Qf3 (30. Kh2 $11 {is more appropriate.}) 30... Qg5 31. Kh2 Kg7 32. Rf1 $2 $11 Qh4 $2 (32... Qxd2 $19 33. Qf2 Qxd4 34. Qxd4 Rxd4) 33. Qf2 (33. Qe3 $11 {keeps the balance.}) 33... Qg5 (33... Qxf2 $17 34. Rfxf2 b4 35. axb4 Rxb4) 34. Qf4 $15 Qxf4+ 35. Rxf4 g5 36. Rff2 Kg6 37. Ne2 Rc2 38. Nc3 Rxd2 39. Rxd2 Rc4 (39... h4 $142) 40. Kg3 h4+ 41. Kf3 Kh5 42. g4+ hxg3 43. Kxg3 Rc7 44. Nd1 Be4 45. Nf2 Bf5 46. Ng4 1/2-1/2

[Event "Tatra Limba Master 2022"]
[Site "Poronin"]
[Date "2022.01.10"]
[Round "8.11"]
[White "Kozlowski, Franciszek"]
[Black "Radzimski, Antoni"]
[Result "1/2-1/2"]
[ECO "D45"]
[WhiteElo "1523"]
[BlackElo "1613"]
[Annotator "NA RC"]
[PlyCount "49"]
[EventDate "2022.01.07"]
[EventType "swiss"]
[EventCountry "POL"]
[SourceTitle "playchess.com"]
[Source "ChessBase"]
[SourceQuality "1"]
[TimeControl "5400+30"]

1. d4 d5 2. c4 e6 3. Nc3 c6 4. e3 Nf6 5. Nf3 Nbd7 6. Qc2 Be7 7. Be2 dxc4 8. Bxc4 b5 9. Bd3 Bb7 10. O-O a6 11. Ne4 Qb6 12. Bd2 c5 13. dxc5 Bxc5 14. b4 Be7 15. Rac1 O-O 16. Bc3 Rac8 17. Qb1 Nxe4 18. Bxe4 f5 19. Bxb7 Qxb7 20. Qb3 Rc4 21. Nd2 Rc6 22. Nf3 Rc4 23. Nd2 Rc6 24. Nf3 Rc4 25. Nd2 1/2-1/2

[Event "Tatra Limba Master 2022"]
[Site "Poronin"]
[Date "2022.01.11"]
[Round "9.6"]
[White "Rejniak, Zuzanna"]
[Black "Kotowicz, Kamil"]
[Result "1/2-1/2"]
[ECO "B15"]
[WhiteElo "1799"]
[BlackElo "1732"]
[Annotator "NA RC"]
[PlyCount "41"]
[EventDate "2022.01.07"]
[EventType "swiss"]
[EventCountry "POL"]
[SourceTitle "playchess.com"]
[Source "ChessBase"]
[SourceQuality "1"]
[TimeControl "5400+30"]

1. e4 c6 2. d4 d5 3. Nc3 dxe4 4. Nxe4 Nf6 5. Nxf6+ exf6 6. c3 Bd6 7. Bd3 O-O 8. Qc2 Re8+ 9. Ne2 h5 10. O-O h4 11. h3 Nd7 12. Bf4 Nf8 13. Bxd6 Qxd6 14. Qd2 Ne6 15. Rfe1 Bd7 16. Bf5 Ng5 17. Bxd7 Qxd7 18. Nf4 Qf5 19. f3 Rad8 20. Rad1 b6 21. b3 1/2-1/2

[Event "Tatra Limba Master 2022"]
[Site "Poronin"]
[Date "2022.01.11"]
[Round "9.7"]
[White "Bartoszczuk, Adam"]
[Black "Rekuc, Patryk"]
[Result "1/2-1/2"]
[ECO "B30"]
[WhiteElo "1380"]
[BlackElo "1662"]
[Annotator "NA RC"]
[PlyCount "50"]
[EventDate "2022.01.07"]
[EventType "swiss"]
[EventCountry "POL"]
[SourceTitle "playchess.com"]
[Source "ChessBase"]
[SourceQuality "1"]
[TimeControl "5400+30"]

1. e4 c5 2. Nf3 Nc6 3. Nc3 d6 4. d4 cxd4 5. Nxd4 e5 6. Ndb5 a6 7. Na3 Be6 8. Nd5 Nf6 9. Bg5 Bxd5 10. exd5 Nb8 11. c3 Nbd7 12. Be2 Be7 13. Nc4 O-O 14. O-O Ne8 15. Bxe7 Qxe7 16. Na5 Qd8 17. b4 Qc7 18. Rc1 b6 19. Nb3 Nef6 20. a4 Rfc8 21. a5 b5 22. Re1 Qb7 23. Bf3 Rc7 24. Qd3 Rac8 25. Nd2 h6 1/2-1/2

[Event "Tatra Limba Master 2022"]
[Site "Poronin"]
[Date "2022.01.11"]
[Round "9.8"]
[White "Gepfert, Cyprian"]
[Black "Wysocki, Mateusz"]
[Result "0-1"]
[ECO "B28"]
[WhiteElo "1743"]
[BlackElo "1848"]
[Annotator "NA RC"]
[PlyCount "104"]
[EventDate "2022.01.07"]
[EventType "swiss"]
[EventCountry "POL"]
[SourceTitle "playchess.com"]
[Source "ChessBase"]
[SourceQuality "1"]
[TimeControl "5400+30"]

1. e4 c5 2. Nf3 a6 3. c4 Nc6 4. d4 cxd4 5. Nxd4 e5 6. Nc2 Nf6 7. Nc3 Bc5 8. Bd3 O-O 9. O-O d6 10. h3 Be6 11. Nd5 Bxd5 12. exd5 Nd4 13. Bg5 h6 14. Bh4 Nxc2 15. Bxc2 g5 16. Bg3 Qd7 17. Qf3 Ne8 $1 18. Qh5 Kg7 19. Kh2 f5 ({But not} 19... Nf6 20. Qf3 $11) 20. f4 (20. Kh1 $15) 20... Nf6 ({Not} 20... exf4 21. Be1 $17) 21. Qf3 exf4 ({Weaker is} 21... gxf4 22. Bh4 $17) 22. Bf2 Bxf2 23. Qxf2 Rae8 24. Rae1 Kg6 25. Qb6 Re7 ({Weaker is} 25... Ne4 26. Qb4 $17) 26. Ba4 Qc7 ({Not} 26... Qxa4 27. Rxe7 Qxc4 28. Rfe1 $11) 27. Qxc7 Rxc7 28. Re6 Rxc4 29. Bb3 Rd4 30. Rfe1 (30. Rxd6 $142 Rd2 31. Re6) 30... Rd8 31. Re7 Re4 32. R1xe4 fxe4 33. Rxb7 Kf5 34. Rb6 Ke5 35. Rxa6 Kd4 36. Kg1 h5 37. Kf1 g4 38. hxg4 hxg4 39. Bc2 f3 40. gxf3 gxf3 41. Ra4+ Ke3 42. Ra3+ Kf4 43. Ra4 Rc8 44. Bd1 Nxd5 45. Rd4 Ne3+ 46. Ke1 Rh8 47. Kd2 Rh2+ (47... Nxd1 $142 48. Rc4 Rh1 49. Rc8 e3+ 50. Kd3 Nf2+ 51. Kc2 e2 52. Rf8+ Ke3 53. Kb3 e1=Q 54. Rf6 Qd2 55. Rf7 Rb1 56. Ka4 Qxb2 57. Re7+ Ne4 58. Rxe4+ Kxe4 59. Ka5 Qxa2#) 48. Kc3 Nxd1+ 49. Rxd1 f2 50. a4 e3 51. Rxd6 Rh5 52. Kd3 f1=Q+ 0-1